AA SOUTH
BILOXI SHUCKERS @ ROCKET CITY TRASH PANDAS
05/13/2042
 
TOP OF THE 1ST
Biloxi Shuckers batting - Pitching for Rocket City Trash Pandas : RHP Karl Rauch
Pitching: RHP Karl Rauch
Batting: LHB Pat Hicks 0-0: Fly out, F8 (Line Drive, 8LD, EV 100.6 MPH)
Batting: SHB Jorge Miranda 0-0: Ball
1-0: Fly out, F5 (Popup, 5, EV 78.8 MPH)
Batting: LHB Greg Tarter 0-0: Called Strike
0-1: SINGLE (Groundball, 23, EV 67.5 MPH) (infield hit)
Batting: SHB Wes Martin 0-0: Called Strike
0-1: Foul Ball, location: 25F
0-2: Foul Ball, location: 3FF
0-2: Ball
1-2: Ground out 4-3 (Groundball, 4, EV 84.4 MPH)
Top of the 1st over - 0 runs, 1 hit, 0 errors, 1 left on base; Biloxi 0 - Rocket City 0
BOTTOM OF THE 1ST
Rocket City Trash Pandas batting - Pitching for Biloxi Shuckers : RHP Wilson González
Pitching: RHP Wilson González
Batting: RHB Nate Colbert 0-0: Foul Ball, location: 2F
0-1: Ball
1-1: Ball
2-1: DOUBLE (Line Drive, 78XD, EV 106.3 MPH)
Batting: RHB Alan von Duehren 0-0: Ground out 1-3 (Groundball, 13, EV 69.4 MPH)
Batting: LHB José Noboa 0-0: DOUBLE (Line Drive, 7LM, EV 105.0 MPH)
Nate Colbert scores
Batting: RHB Danny Sheppard 0-0: Swinging Strike
0-1: Ball
1-1: Fly out, F9 (Flyball, 89XD, EV 87.5 MPH)
Runner from 2nd tags up, SAFE at 3rd, no throw by RF
Batting: RHB Andino Vanali 0-0: Ball
1-0: Foul Ball, location: 9LSF
1-1: Foul Ball, location: 2F
1-2: Ball
2-2: Foul Ball, location: 7LMF
2-2: Strikes out looking
Bottom of the 1st over - 1 run, 2 hits, 0 errors, 1 left on base; Biloxi 0 - Rocket City 1
TOP OF THE 2ND
Biloxi Shuckers batting - Pitching for Rocket City Trash Pandas : RHP Karl Rauch
Batting: RHB Bobby McClure 0-0: Ball
1-0: Called Strike
1-1: Ball
2-1: SINGLE (Flyball, 56D, EV 90.6 MPH)
Batting: RHB Albert Palácios 0-0: Ball
1-0: Bunt - Flyout to 13S - DP at third! 1-3
Batting: LHB Jerry Hobbs 0-0: Called Strike
0-1: Foul Ball, location: 7LDF
0-2: Ball
1-2: Strikes out swinging
Top of the 2nd over - 0 runs, 1 hit, 0 errors, 0 left on base; Biloxi 0 - Rocket City 1
BOTTOM OF THE 2ND
Rocket City Trash Pandas batting - Pitching for Biloxi Shuckers : RHP Wilson González
Batting: SHB José Lugo 0-0: Foul Ball, location: 5FF
0-1: Ball
1-1: Ball
2-1: Ball
3-1: Foul Ball, location: 2F
3-2: SOLO HOME RUN (Flyball, 9D, EV 98.1 MPH), Distance : 386 ft
Batting: LHB Raúl Trujillo 0-0: SOLO HOME RUN (Flyball, 89XD, EV 105.0 MPH), Distance : 442 ft
Batting: RHB Tony Rivera 0-0: Ball
1-0: Ball
2-0: Swinging Strike
2-1: Ball
3-1: Base on Balls
Batting: RHB Rob Narcia 0-0: Swinging Strike
0-1: Foul Ball, location: 2F
0-2: Strikes out swinging
Batting: RHB Nate Colbert 0-0: Ball
1-0: Called Strike
1-1: Ball
2-1: Grounds into double play, 1-4-3 (Groundball, P, EV 70.0 MPH)
Bottom of the 2nd over - 2 runs, 2 hits, 0 errors, 0 left on base; Biloxi 0 - Rocket City 3
TOP OF THE 3RD
Biloxi Shuckers batting - Pitching for Rocket City Trash Pandas : RHP Karl Rauch
Batting: LHB José Flores 0-0: Ball
1-0: Fly out, F8 (Flyball, 8RS, EV 107.5 MPH)
Batting: LHB Alvin Parker 0-0: Foul Ball, location: 2F
0-1: Ball
1-1: Called Strike
1-2: Strikes out swinging
Batting: LHB Pat Hicks 0-0: Bunted foul
0-1: Called Strike
0-2: Foul Ball, location: 23F
0-2: Ball
1-2: Fly out, F9 (Flyball, 9, EV 81.9 MPH)
Top of the 3rd over - 0 runs, 0 hits, 0 errors, 0 left on base; Biloxi 0 - Rocket City 3
BOTTOM OF THE 3RD
Rocket City Trash Pandas batting - Pitching for Biloxi Shuckers : RHP Wilson González
Batting: RHB Alan von Duehren 0-0: Called Strike
0-1: Ball
1-1: SINGLE (Line Drive, 7LM, EV 85.0 MPH)
Batting: LHB José Noboa 0-0: Called Strike
0-1: Ball
1-1: Swinging Strike
1-2: Ball
2-2: Strikes out swinging
Batting: RHB Danny Sheppard 0-0: Called Strike
0-1: Called Strike
0-2: Ball
Alan von Duehren steals 2nd base
1-2: Ball
2-2: Strikes out swinging
Batting: RHB Andino Vanali 0-0: Called Strike
0-1: Called Strike
0-2: Ground out 4-3 (Groundball, 4S, EV 66.3 MPH)
Bottom of the 3rd over - 0 runs, 1 hit, 0 errors, 1 left on base; Biloxi 0 - Rocket City 3
TOP OF THE 4TH
Biloxi Shuckers batting - Pitching for Rocket City Trash Pandas : RHP Karl Rauch
Batting: SHB Jorge Miranda 0-0: Ball
1-0: Ball
2-0: Called Strike
2-1: Called Strike
2-2: Foul Ball, location: 2F
2-2: Ball
3-2: Foul Ball, location: 2F
3-2: Foul Ball, location: 5FF
3-2: Fly out, F9 (Flyball, 89D, EV 110.0 MPH)
Batting: LHB Greg Tarter 0-0: Called Strike
0-1: Called Strike
0-2: Ball
1-2: Ball
2-2: Foul Ball, location: 5F
2-2: SINGLE (Groundball, 4S, EV 89.4 MPH)
Batting: SHB Wes Martin 0-0: Swinging Strike
0-1: Grounds into double play, 4-6-3 (Groundball, 34, EV 89.4 MPH)
Top of the 4th over - 0 runs, 1 hit, 0 errors, 0 left on base; Biloxi 0 - Rocket City 3
BOTTOM OF THE 4TH
Rocket City Trash Pandas batting - Pitching for Biloxi Shuckers : RHP Wilson González
Batting: SHB José Lugo 0-0: Called Strike
0-1: Called Strike
0-2: Ball
1-2: Ground out U3 (Groundball, 3, EV 101.3 MPH)
Batting: LHB Raúl Trujillo 0-0: Ball
1-0: Foul Ball, location: 3F
1-1: Ball
2-1: Ball
3-1: Base on Balls
Batting: RHB Tony Rivera 0-0: Called Strike
0-1: Ball
1-1: Foul Ball, location: 5SF
1-2: Ball
2-2: 2-RUN HOME RUN (Flyball, 7D, EV 96.3 MPH), Distance : 392 ft
Pitching: RHP Mauro Ortíz
Batting: RHB Rob Narcia 0-0: Ball
1-0: Ball
2-0: Swinging Strike
2-1: Called Strike
2-2: Ground out U3 (Groundball, 3, EV 90.6 MPH)
Batting: RHB Nate Colbert 0-0: Swinging Strike
0-1: Ball
1-1: Ground out 5-3 (Groundball, 5, EV 85.0 MPH)
Bottom of the 4th over - 2 runs, 1 hit, 0 errors, 0 left on base; Biloxi 0 - Rocket City 5
TOP OF THE 5TH
Biloxi Shuckers batting - Pitching for Rocket City Trash Pandas : RHP Karl Rauch
Batting: RHB Bobby McClure 0-0: Called Strike
0-1: Foul Ball, location: 9LDF
0-2: Ball
1-2: Fly out, F8 (Flyball, 8RD, EV 93.8 MPH)
Batting: RHB Albert Palácios 0-0: Ground out 4-3 (Groundball, 34D, EV 83.1 MPH)
Batting: LHB Jerry Hobbs 0-0: Ball
1-0: Ball
2-0: Called Strike
2-1: Ball
3-1: Ground out 5-3 (Groundball, 56, EV 95.0 MPH)
Top of the 5th over - 0 runs, 0 hits, 0 errors, 0 left on base; Biloxi 0 - Rocket City 5
BOTTOM OF THE 5TH
Rocket City Trash Pandas batting - Pitching for Biloxi Shuckers : RHP Mauro Ortíz
Batting: RHB Alan von Duehren 0-0: Ground out 6-3 (Groundball, 6M, EV 96.3 MPH)
Batting: LHB José Noboa 0-0: Swinging Strike
0-1: Ball
1-1: Ball
2-1: Foul Ball, location: 2F
2-2: Foul Ball, location: 2F
2-2: Ball
3-2: Base on Balls
Batting: RHB Danny Sheppard 0-0: Called Strike
0-1: Ball
1-1: Swinging Strike
1-2: Foul Ball, location: 3SF
1-2: Strikes out looking
Batting: RHB Andino Vanali 0-0: Swinging Strike
0-1: Ball
1-1: Foul Ball, location: 7LSF
1-2: DOUBLE (Line Drive, 78D, EV 103.8 MPH)
José Noboa to third
Batting: SHB José Lugo 0-0: Ball
1-0: Called Strike
1-1: Ball
2-1: Ball
3-1: Base on Balls
Batting: LHB Raúl Trujillo 0-0: Ball
1-0: Called Strike
1-1: Fly out, F6 (Popup, 6M, EV 54.4 MPH)
Bottom of the 5th over - 0 runs, 1 hit, 0 errors, 3 left on base; Biloxi 0 - Rocket City 5
TOP OF THE 6TH
Biloxi Shuckers batting - Pitching for Rocket City Trash Pandas : RHP Karl Rauch
Batting: LHB José Flores 0-0: Foul Ball, location: 7LMF
0-1: Swinging Strike
0-2: Foul Ball, location: 7LDF
0-2: Strikes out swinging
Batting: LHB Alvin Parker 0-0: Swinging Strike
0-1: Ball
1-1: Ball
2-1: Ball
3-1: Base on Balls
Batting: LHB Pat Hicks 0-0: Ball
1-0: Ball
2-0: Foul Ball, location: 7LSF
2-1: Ball
3-1: Base on Balls
Alvin Parker to second
Batting: SHB Jorge Miranda 0-0: Ball
1-0: Ball
2-0: Called Strike
2-1: Grounds out, U3 (Groundball, 3L, EV 110.0 MPH)
Alvin Parker to third
Batting: LHB Greg Tarter 0-0: Ball
1-0: Ball
2-0: Foul Ball, location: 2F
2-1: Ball
3-1: Called Strike
3-2: Foul Ball, location: 3DF
3-2: DOUBLE (Line Drive, 9LS, EV 107.5 MPH)
Alvin Parker scores
Pat Hicks scores
Pitching: RHP Sancho Veltio
Batting: SHB Wes Martin 0-0: Swinging Strike
0-1: Foul Ball, location: 3F
0-2: Strikes out swinging
Top of the 6th over - 2 runs, 1 hit, 0 errors, 1 left on base; Biloxi 2 - Rocket City 5
BOTTOM OF THE 6TH
Rocket City Trash Pandas batting - Pitching for Biloxi Shuckers : RHP Mauro Ortíz
Batting: RHB Tony Rivera 0-0: Swinging Strike
0-1: Foul Ball, location: 25FF
0-2: Foul Ball, location: 25F
0-2: Ball
1-2: Ball
2-2: Ball
3-2: Base on Balls
Batting: RHB Rob Narcia 0-0: Ball
1-0: Ball
2-0: Sac Bunt to P - play at first, batter OUT! 1-3
Tony Rivera to second
Batting: RHB Nate Colbert 0-0: SINGLE (Groundball, 4M, EV 98.1 MPH) (infield hit)
Tony Rivera to third
Batting: RHB Alan von Duehren 0-0: Swinging Strike
0-1: Reached on error, E4 (Groundball, 4S, EV 82.5 MPH)
Tony Rivera scores
Nate Colbert to second
Batting: LHB José Noboa 0-0: Swinging Strike
0-1: Swinging Strike
0-2: Ball
1-2: SINGLE (Line Drive, 4MD, EV 98.1 MPH)
Nate Colbert to third
Alan von Duehren to second
Batting: RHB Danny Sheppard 0-0: Called Strike
0-1: Grounds into double play, 6-4-3 (Groundball, 6, EV 85.0 MPH)
Bottom of the 6th over - 1 run, 2 hits, 1 error, 2 left on base; Biloxi 2 - Rocket City 6
TOP OF THE 7TH
Biloxi Shuckers batting - Pitching for Rocket City Trash Pandas : RHP Sancho Veltio
Batting: RHB Bobby McClure 0-0: Foul Ball, location: 9LDF
0-1: Called Strike
0-2: Strikes out swinging
Batting: RHB Albert Palácios 0-0: SINGLE (Groundball, 34, EV 108.1 MPH)
Batting: LHB Jerry Hobbs 0-0: Ball
1-0: Ball
2-0: Ball
3-0: Base on Balls
Albert Palácios to second
Batting: LHB José Flores 0-0: Fly out, F8 (Flyball, 78D, EV 96.3 MPH)
Pitching: LHP Clint McGee
Batting: LHB Alvin Parker 0-0: Fly out, F2 (Popup, 25F, EV 78.1 MPH)
Top of the 7th over - 0 runs, 1 hit, 0 errors, 2 left on base; Biloxi 2 - Rocket City 6
BOTTOM OF THE 7TH
Rocket City Trash Pandas batting - Pitching for Biloxi Shuckers : RHP Mauro Ortíz
Batting: RHB Andino Vanali 0-0: Called Strike
0-1: Foul Ball, location: 9LDF
0-2: Ball
1-2: Foul Ball, location: 3F
1-2: Ball
2-2: Foul Ball, location: 2F
2-2: Fly out, F3 (Line Drive, 3, EV 60.6 MPH)
Batting: SHB José Lugo 0-0: Foul Ball, location: 7LMF
0-1: Ball
1-1: SOLO HOME RUN (Flyball, 7D, EV 98.8 MPH), Distance : 381 ft
Batting: LHB Raúl Trujillo 0-0: Fly out, F8 (Flyball, 8RM, EV 89.4 MPH)
Batting: RHB Tony Rivera 0-0: Swinging Strike
0-1: Ball
1-1: Foul Ball, location: 2RF
1-2: Ball
2-2: Ground out U3 (Groundball, 34S, EV 83.8 MPH)
Bottom of the 7th over - 1 run, 1 hit, 0 errors, 0 left on base; Biloxi 2 - Rocket City 7
TOP OF THE 8TH
Biloxi Shuckers batting - Pitching for Rocket City Trash Pandas : LHP Clint McGee
Batting: LHB Pat Hicks 0-0: Ball
1-0: Called Strike
1-1: Ball
2-1: Swinging Strike
2-2: Foul Ball, location: 7LDF
2-2: Foul Ball, location: 3DF
2-2: SINGLE (Groundball, 4M, EV 108.1 MPH) (infield hit)
Batting: SHB Jorge Miranda 0-0: Ball
1-0: Ball
2-0: Ball
3-0: Base on Balls
Pat Hicks to second
Batting: LHB Greg Tarter 0-0: Swinging Strike
0-1: Foul Ball, location: 3FF
0-2: Fly out, F8 (Flyball, 8LD, EV 80.6 MPH)
Pitching: RHP Chet Joseph
Batting: SHB Wes Martin 0-0: Fly out, F5 (Popup, 15, EV 88.8 MPH)
Batting: RHB Bobby McClure 0-0: Called Strike
0-1: Ball
1-1: Ball
2-1: Foul Ball, location: 2F
2-2: Foul Ball, location: 25F
2-2: Fly out, F9 (Line Drive, 9S, EV 87.5 MPH)
Top of the 8th over - 0 runs, 1 hit, 0 errors, 2 left on base; Biloxi 2 - Rocket City 7
BOTTOM OF THE 8TH
Rocket City Trash Pandas batting - Pitching for Biloxi Shuckers : RHP Mauro Ortíz
Batting: RHB Rob Narcia 0-0: Called Strike
0-1: Foul Ball, location: 2F
0-2: Ball
1-2: SOLO HOME RUN (Flyball, 7D, EV 106.9 MPH), Distance : 397 ft
Batting: RHB Nate Colbert 0-0: Foul Ball, location: 2F
0-1: Ball
1-1: Ball
2-1: Foul Ball, location: 9LSF
2-2: Fly out, F7 (Flyball, 7D, EV 104.4 MPH)
Batting: RHB Alan von Duehren 0-0: Swinging Strike
0-1: Ball
1-1: Foul Ball, location: 23F
1-2: Ball
2-2: Foul Ball, location: 2F
2-2: Fly out, F8 (Flyball, 8LM, EV 86.9 MPH)
Batting: LHB José Noboa 0-0: Ball
1-0: Called Strike
1-1: Swinging Strike
1-2: Ball
2-2: Ball
3-2: Base on Balls
Batting: RHB Danny Sheppard 0-0: Called Strike
0-1: Ball
1-1: 2-RUN HOME RUN (Flyball, 8RXD, EV 113.1 MPH), Distance : 454 ft
Pitching: LHP Héctor Hinojosa
Pinch Hitting: LHB José De La Cruz 0-0: Swinging Strike
0-1: Foul Ball, location: 2F
0-2: Strikes out swinging
Bottom of the 8th over - 3 runs, 2 hits, 0 errors, 0 left on base; Biloxi 2 - Rocket City 10
TOP OF THE 9TH
Biloxi Shuckers batting - Pitching for Rocket City Trash Pandas : RHP Chet Joseph
Now at 2B: Rod Lund
Batting: RHB Albert Palácios 0-0: Ball
1-0: Foul Ball, location: 5F
1-1: Ball
2-1: Foul Ball, location: 23FF
2-2: Foul Ball, location: 2F
2-2: Strikes out swinging
Batting: LHB Jerry Hobbs 0-0: Called Strike
0-1: Swinging Strike
0-2: Ball
1-2: Strikes out swinging
Pinch Hitting: RHB Joe Chandler 0-0: Called Strike
0-1: Swinging Strike
0-2: Ball
1-2: Fly out, F7 (Line Drive, 7LS, EV 89.4 MPH)
Top of the 9th over - 0 runs, 0 hits, 0 errors, 0 left on base; Biloxi 2 - Rocket City 10
Friday, May 3rd , 2024 - OOTP Baseball 24.10 Build 82